 Dungeon Crawl Stone Soup version 0.27.1-1-g398f81649c (webtiles) character file.

Game seed: 4013143565785014861

371 acemry the Sneak (level 6, -5/38 HPs)
             Began as an Octopode Transmuter on Sept 9, 2021.
             Slain by an ice beast (13 damage)
             ... on level 5 of the Dungeon.
             The game lasted 00:10:40 (6074 turns).

acemry the Sneak (Octopode Transmuter)              Turns: 6074, Time: 00:10:42

Health: -5/38      AC:  1    Str:  9    XL:     6   Next: 71%
Magic:  6/6        EV: 13    Int: 17    God:
Gold:   249        SH:  0    Dex: 13    Spells: 5/9 levels left

rFire    . . .     SeeInvis .   p - +1 rapier (antimagic)
rCold    . . .     Faith    .   (no shield)
rNeg     . . .     Spirit   .   (helmet currently unavailable)
rPois    .         Reflect  .   (no amulet)
rElec    .         Harm     .   j - ring of magical power
rCorr    .         Rampage  .   (no ring)
Will     .....                  (no ring)
Stlth    ++++......             (no ring)
HPRegen  0.12/turn              (no ring)
MPRegen  0.10/turn              (no ring)
                                (no ring)
                                (no ring)

@: appendages
A: tentacle spike 3, almost no armour, amphibious, 8 rings, camouflage 1,
gelatinous body 1, (nimble swimmer 1), tentacles
a: End Transformation


You were on level 5 of the Dungeon.
One of your tentacles had grown a beastly spike.
You visited 1 branch of the dungeon, and saw 5 of its levels.

You collected 249 gold pieces.

Inventory:

Hand Weapons
 g - a +2 short sword
 p - a +1 antimagic rapier (weapon)
Missiles
 a - 31 poisoned darts
Magical Staves
 h - a staff of air
Jewellery
 j - a ring of magical power (left tentacle)
Wands
 l - a wand of polymorph (21)
 r - a wand of digging (5)
Scrolls
 c - a scroll of fear {unknown}
 f - a scroll of amnesia {unknown}
 k - 2 scrolls of teleportation
 n - a scroll of enchant weapon
 o - a scroll of blinking {unknown}
 q - a scroll of fog {unknown}
Potions
 b - 2 potions of heal wounds {unknown}
 d - 2 potions of lignification
 e - a potion of invisibility
 i - a potion of flight {unknown}
 m - a potion of berserk rage {unknown}


   Skills:
 - Level 1.0 Fighting
 - Level 2.0 Dodging
 * Level 6.2 Stealth
 - Level 3.0 Unarmed Combat
 - Level 2.0 Spellcasting
 + Level 4.9 Transmutations
 * Level 1.8 Poison Magic


You had 5 spell levels left.
You knew the following spells:

 Your Spells              Type           Power      Damage    Failure   Level
a - Beastly Appendage     Tmut           36%        N/A       2%          1
b - Spider Form           Tmut/Pois      6%         N/A       14%         3

Your spell library contained the following spells:

 Spells                   Type           Power      Damage    Failure   Level
 Wereblood                Tmut           18%        N/A       3%          2
 Animate Skeleton         Necr           2%         N/A       19%         1
 Pain                     Necr           4%         1d4       19%         1
 Ignite Poison            Fire/Tmut/Pois 9%         N/A       22%         3
 Conjure Flame            Conj/Fire      1%         6-21      50%         3
 Vampiric Draining        Necr           0%         2d6       50%         3
 Ice Form                 Ice/Tmut       10%        N/A       56%         4
 Sticky Flame             Conj/Fire      1%         2d3       88%         4


Dungeon Overview and Level Annotations

Branches:
Dungeon (5/15)
 Temple: D:4-7

Altars:
Elyvilon

Shops:
D:2 ==(?

Annotations:
D:3 2 transporters, zdrol's ghost, amateur MiFi


Innate Abilities, Weirdness & Mutations

One of your tentacles has grown a beastly spike.
You cannot wear most types of armour.
You are amphibious.
You can wear up to eight rings at the same time.
Your skin changes colour to match your surroundings (Stealth+).
Your rubbery body absorbs attacks. (AC +1, EV +1)
((You are camouflaged near water. (Stealth+)))
You have tentacles for arms and can constrict up to eight enemies at once.


Message History

Found a worn brass wand.
r - a wand of digging (5)
There is an open door here.
You open the door. You open the door.
There is an open door here.
There is a stone staircase leading up here.
You see here 13 arrows.
There is an open door here.
Done exploring.
Done exploring.
Done exploring.
Done exploring.
(D) Dungeon
Where to? (Enter - D:4, ? - help)
There is an open door here.
There is a stone staircase leading down here.
You climb downwards.
There is a stone staircase leading up here.
An ice beast comes into view.
One of your tentacles grows a vicious spike.
The ice beast closely misses you.
You hit the ice beast. Your squeeze misses the ice beast.
The ice beast is lightly wounded.
The ice beast hits you. The ice beast freezes you! The ice beast hits you.
The ice beast freezes you.
You closely miss the ice beast.
Your tentacle spike misses the ice beast.
You squeeze the ice beast.
The ice beast is moderately wounded.
The ice beast hits you. The ice beast freezes you!
* * * LOW HITPOINT WARNING * * *
You hit the ice beast but do no damage.
You pierce the ice beast, but do no damage.
You squeeze the ice beast, but do no damage.
The ice beast is moderately wounded.
The ice beast hits you.
* * * LOW HITPOINT WARNING * * *
The ice beast freezes you!
You die...

#.# #.# #.#
#.#
##########.#
#..........#
#.##########
#.# #@# #Y#
#.# #.# #.#
#.# ..# ###


You could see an ice beast.

Vanquished Creatures
  Eustachio (D:4)
  A bullfrog skeleton (D:4)
  2 hound skeletons (D:4)
  3 gnolls (D:3)
  5 adders
  A white imp (D:3)
  An adder zombie (D:2)
  An adder skeleton (D:2)
  2 worms
  A dart slug (D:3)
  7 orcs
  2 bat zombies (D:2)
  4 endoplasms
  5 giant cockroaches
  2 goblins (D:3)
  11 hobgoblins
  4 jackals
  3 quokkas
  2 ball python skeletons (D:2)
  A ball python zombie (D:2)
  6 bats
  3 frilled lizards
  A jackal skeleton (D:2)
  A jackal zombie (D:2)
  3 kobolds
  4 rats
77 creatures vanquished.

Vanquished Creatures (others)
  9 withered plants (D:2)
9 creatures vanquished.

Grand Total: 86 creatures vanquished

Notes
Turn   | Place    | Note
-------+----------+-------------------------------------------
     0 | D:1      | acemry the Octopode Transmuter began the quest for the Orb.
     0 | D:1      | Reached XP level 1. HP: 13/13 MP: 3/3
    67 | D:1      | Reached skill level 1 in Stealth
   341 | D:1      | Reached XP level 2. HP: 18/18 MP: 3/5
   750 | D:1      | Reached skill level 2 in Stealth
  1162 | D:2      | Reached XP level 3. HP: 19/23 MP: 6/6
  1166 | D:2      | Learned a level 3 spell: Spider Form
  1333 | D:2      | Found Tabbem's Jewellery Shoppe.
  1346 | D:2      | Reached skill level 3 in Stealth
  1671 | D:2      | Found Cepos's Weapon Shop.
  1679 | D:2      | Found Wedecuw's Magic Scroll Shop.
  1776 | D:2      | Found a faded altar of an unknown god.
  1874 | D:2      | Reached XP level 4. HP: 15/28 MP: 5/7
  2052 | D:2      | Found a white marble altar of Elyvilon.
  2059 | D:2      | Found Tusmib's Jewellery Emporium.
  2344 | D:2      | You fall into a shaft and drop 1 floor!
  2557 | D:3      | HP: 1/28 [goblin (2)]
  3076 | D:3      | Found a transporter.
  3234 | D:3      | Noticed a small abomination
  3241 | D:3      | Noticed a kobold brigand
  3243 | D:3      | Noticed a small abomination
  3243 | D:3      | Noticed a small abomination
  3246 | D:3      | Noticed zdrol's ghost (amateur MiFi)
  3271 | D:3      | Found a transporter.
  3398 | D:3      | Reached skill level 4 in Stealth
  3974 | D:3      | Reached XP level 5. HP: 32/33 MP: 8/8
  4698 | D:4      | Reached skill level 5 in Stealth
  5033 | D:4      | Reached skill level 1 in Poison Magic
  5222 | D:4      | Reached XP level 6. HP: 37/38 MP: 9/9
  5340 | D:4      | Noticed Eustachio
  5369 | D:4      | Killed Eustachio
  5370 | D:4      | Reached skill level 6 in Stealth
  6036 | D:5      | Entered Level 5 of the Dungeon
  6064 | D:5      | Noticed an ice beast
  6074 | D:5      | Slain by an ice beast

Illustrated notes

Levels and vault maps discovered:
D:1:      minmay_arrival_five_plusses, layout_basic, serial_bayou_lagoon_b
D:2:      layout_rooms, chequers_ecumenical_altar_island, basic_altar,
          serial_undead, serial_undead_f, serial_undead_a, serial_undead_c,
          serial_undead_b, serial_undead_c, serial_undead_b, serial_undead_f,
          serial_undead_c, serial_undead_e, serial_undead_a, serial_shops, shop,
          shop, shop, shop
D:3:      minmay_general_purpose_star, layout_basic,
          gammafunk_ghost_abyssal_escape
D:4:      layout_gridville, uniq_eustachio
D:5:      layout_basic, dk_noncrumbling_2, hangedman_abyss_or_decor_slice,
          minmay_misc_feat_tiny

Skill      XL: |  1  2  3  4  5  6 |
---------------+-------------------+-----
Stealth        | 1 2 3 4 5 6 |  6.2
Transmutations | 3 4 |  4.9
Poison Magic   | 1 |  1.8
Fighting       | |  1.0
Dodging        | |  2.0
Unarmed Combat | |  3.0
Spellcasting   | |  2.0

Action                   |  1- 3 |  4- 6 || total
-------------------------+-------+-------++-------
Melee: Unarmed           |    25 |    13 ||    38
       Constrict         |    26 |    26 ||    52
       Kick              |    17 |    23 ||    40
       Tentacles         |    11 |    13 ||    24
       Short sword       |    59 |    91 ||   150
       Punch             |     1 |       ||     1
       Rapier            |       |     4 ||     4
 Cast: Beastly Appendage |    24 |    30 ||    54
       Spider Form       |       |     2 ||     2
  Use: Scroll            |     6 |       ||     6
       Potion            |       |     2 ||     2
 Stab: Sleeping          |     2 |     6 ||     8
Armor: Skin              |     2 |     5 ||     7
Dodge: Dodged            |    52 |    82 ||   134
